 Dungeon Crawl Stone Soup version 0.17-a0-877-ga10078a (webtiles) character file.

506 Crabhammer the Shooter (level 6, -3/51 HPs)
             Began as a Centaur Arcane Marksman on May 1, 2015.
             Slain by a phantom (4 damage)
             ... on level 4 of the Dungeon.
             The game lasted 00:30:03 (5730 turns).

Crabhammer the Shooter (Centaur Arcane Marksman)    Turns: 5730, Time: 00:30:03

Health: -3/51      AC:  7    Str: 13    XL:     6   Next: 97%
Magic:  9/9        EV:  9    Int: 12    God:
Gold:   119        SH:  0    Dex: 11    Spells: 3 memorised, 2 levels left

rFire  + . .     SeeInvis .     b - +0 shortbow
rCold  + . .     Clarity  .     a - +0 robe
rNeg   . . .     SustAb   .     (no shield)
rPois  +         Gourm    .     n - +0 helmet
rElec  +         Spirit   .     s - +1 cloak
rCorr  +         Warding  .     (no gloves)
rMut   .         Stasis   .     (no barding)
MR     .....                    (no amulet)
Stlth  +.........               (no ring)
                                (no ring)

@: resistant, very slightly contaminated, hasted, invisible, very quick, not
resistant to hostile enchantments, very unstealthy
A: hooves 3, deformed body, speed 2, tough skin 3
a: no special abilities


You were on level 4 of the Dungeon.
You were not hungry.

You visited 1 branch of the dungeon, and saw 4 of its levels.

You collected 119 gold pieces.

Inventory:

Hand weapons
 b - a +0 shortbow (weapon)
Missiles
 c - 56 arrows (quivered)
 u - 15 arrows of dispersal
Armour
 a - a +0 robe (worn)
 n - a +0 helmet (worn)
 s - a +1 cloak (worn)
Magical devices
 t - a wand of cold (13)
Scrolls
 m - 2 scrolls of magic mapping {unknown}
 o - a scroll of enchant armour
 r - 2 scrolls of identify
 v - a scroll of recharging
 w - a scroll of immolation {unknown}
Potions
 g - a potion of resistance
 h - a potion of cure mutation {unknown}
 i - 2 potions of haste
 k - a potion of degeneration {unknown}
 q - a potion of ambrosia {unknown}
 x - a potion of might
Books
 d - a book of Debilitation

   Spells                             Type                      Level
   a - Corona                         Hexes                        1
   b - Slow                           Hexes                        2
   c - Gell's Gravitas                Hexes/Translocation          3
   d - Inner Flame                    Hexes/Fire                   3
   e - Cause Fear                     Hexes                        4
   f - Leda's Liquefaction            Hexes/Earth                  4
Comestibles
 e - 3 bread rations
 j - 3 chunks of flesh
 l - a meat ration
 p - a beef jerky


   Skills:
 * Level 3.3 Fighting
 + Level 7.2 Bows
 - Level 1.3 Dodging
 * Level 2.1 Unarmed Combat
 + Level 2.3 Spellcasting
 + Level 2.8 Hexes


You had 2 spell levels left.
You knew the following spells:

 Your Spells              Type           Power        Failure   Level  Hunger
a - Corona                Hex            #......      12%         1    ##.....
b - Gell's Gravitas       Hex/Tloc       #.........   56%         3    ####...
c - Inner Flame           Hex/Fire       #.......     56%         3    ####...


Dungeon Overview and Level Annotations

Branches:
Dungeon (4/15)
 Temple: D:4-7

Altars:
Ashenzari
Cheibriados
Nemelex Xobeh
Vehumet
The Shining One


Innate Abilities, Weirdness & Mutations

You have hooves in place of feet.
Armour fits poorly on your strangely shaped body.
You cover ground very quickly.
You have extremely tough skin (AC +3).


Message History

Aim: a giant gecko (severely wounded, clinging)
You shoot an arrow.
The arrow barely misses the giant gecko.
The giant gecko closely misses you. The phantom hits you.
* * * LOW HITPOINT WARNING * * *
Drink which item? (? for menu, Esc to quit)
It was a potion of haste.
You feel yourself speed up.
The giant gecko bites you but does no damage.
The phantom hits you.
* * * LOW HITPOINT WARNING * * *
You are very lightly contaminated with residual magic.
Drink which item? (? for menu, Esc to quit)
It was a potion of resistance.
You feel protected.
The giant gecko bites you but does no damage.
Drink which item? (? for menu, Esc to quit)
It was a potion of invisibility.
You fade into invisibility!
The phantom hits you.
You die...

#.#§ #########.#§
#..>......#≈ ##
#.....###.#≈ .
###.........#≈
#.##.#.§...###.##
########.#...#.####
##.#
#≈≈.≈≈≈l##......#
.# #@##...!#### .#
#W#...[....# .#
#≈#.###.....# ..
#≈#.# ##...... .
#≈#.# ...... ####
#÷#.# .....
#..########≈#.#
....
#.#W≈§≈≈≈≈≈##.# ...
#.##########.##


You could see a phantom and a giant gecko.

Vanquished Creatures
  A phantom (D:4)
  An ogre (D:3)
  A scorpion (D:3)
  Crazy Yiuf (D:3)
  Ijyb (D:1)
  Jessica (D:2)
  Robin (D:2)
  9 adders
  2 adder skeletons (D:4)
  4 worms
  2 giant geckos
  3 ball pythons
  10 bats
  A bat skeleton (D:4)
  4 giant cockroaches
  14 hobgoblins
  8 kobolds
  A quokka (D:2)
  4 giant newts
  16 goblins
  6 jackals
  11 rats
102 creatures vanquished.

Notes
Turn   | Place    | Note
--------------------------------------------------------------
     0 | D:1      | Crabhammer, the Centaur Arcane Marksman, began the quest for the Orb.
     0 | D:1      | Reached XP level 1. HP: 16/16 MP: 2/2
   233 | D:1      | Reached skill level 3 in Bows
   277 | D:1      | Reached XP level 2. HP: 20/23 MP: 3/3
  1170 | D:2      | Reached XP level 3. HP: 29/29 MP: 2/4
  1302 | D:1      | Reached skill level 1 in Unarmed Combat
  1771 | D:2      | Noticed Ijyb
  1777 | D:2      | Reached skill level 4 in Bows
  1990 | D:2      | Reached XP level 4. HP: 36/36 MP: 6/6
  2165 | D:2      | Noticed Jessica
  2170 | D:2      | Killed Jessica
  2205 | D:2      | Noticed Robin
  2760 | D:2      | Reached skill level 5 in Bows
  2933 | D:2      | Found a snail-covered altar of Cheibriados.
  2962 | D:2      | Found a sparkling altar of Nemelex Xobeh.
  3194 | D:1      | Killed Ijyb
  3194 | D:1      | Reached XP level 5. HP: 32/42 MP: 5/7
  3341 | D:2      | Killed Robin
  3452 | D:2      | Found a glowing golden altar of the Shining One.
  3453 | D:2      | Found a radiant altar of Vehumet.
  4041 | D:3      | Noticed an ogre
  4069 | D:3      | Killed an ogre
  4069 | D:3      | Reached skill level 6 in Bows
  4069 | D:3      | Reached XP level 6. HP: 49/51 MP: 5/9
  4074 | D:3      | Learned a level 3 spell: Gell's Gravitas
  4078 | D:3      | Learned a level 3 spell: Inner Flame
  4798 | D:3      | Noticed Crazy Yiuf
  4835 | D:3      | Killed Crazy Yiuf
  5398 | D:4      | Found a shattered altar of Ashenzari.
  5535 | D:4      | Reached skill level 7 in Bows
  5728 | D:4      | HP: 1/51 [phantom (6)]
  5730 | D:4      | Slain by a phantom

Action                   |  1- 3 |  4- 6 || total
-------------------------+-------+-------++-------
Melee: Unarmed           |    73 |   212 ||   285
 Fire: Shortbow          |    92 |   163 ||   255
 Cast: Corona            |     6 |    20 ||    26
  Use: Scroll            |       |     6 ||     6
       Potion            |       |     3 ||     3
  Eat: Chunk             |     3 |     8 ||    11
       Beef jerky        |       |     1 ||     1
